 Dungeon Crawl Stone Soup version 0.29.0-4-gdea44cf6ec (webtiles) character file.

Game seed: 13775979557831739121

116 qw the Chopper (level 5, -6/30 HPs)
             Began as a Tengu Warper on Aug 28, 2022.
             Killed from afar by an orc wizard (9 damage)
             ... with a magic dart
             ... on level 3 of the Dungeon.
             The game lasted 00:00:17 (3587 turns).

qw the Chopper (Tengu Warper)                       Turns: 3587, Time: 00:00:18

Health: -6/30      AC:  3    Str: 13    XL:     5   Next: 1%
Magic:  9/9        EV: 14    Int: 13    God:
Gold:   130        SH:  0    Dex: 20    Spells: 8/8 levels left

rFire   + . .      SeeInvis .   Y - +1 hand axe
rCold   . . .      Faith    .   (no shield)
rNeg    . . .      Spirit   .   b - +0 leather armour
rPois   .          Reflect  .   (helmet restricted)
rElec   .          Harm     .   (no cloak)
rCorr   .          Rampage  .   (no gloves)
Will    .....                   (boots unavailable)
Stlth   +.........              (no amulet)
HPRegen 0.10/turn               g - +6 ring of dexterity
MPRegen 0.11/turn               j - ring of protection from fire

@: confused, flying quickly and evasively, quick
A: beak, talons 3, nimble flight
a: no special abilities


You were on level 3 of the Dungeon.
You visited 1 branch of the dungeon, and saw 3 of its levels.

You collected 130 gold pieces.


Innate Abilities, Weirdness & Mutations

You have a beak for a mouth.
You have claws for feet.
Your magical nature lets you fly swiftly and evasively.


   Skills:
 - Level 2.0 Fighting
 - Level 5.5 Axes
 - Level 1.0 Throwing
 - Level 1.1 Armour
 + Level 2.1 Dodging
 - Level 2.0 Spellcasting
 - Level 2.4 Translocations


You had 8 spell levels left.
You didn't know any spells.
Your spell library contained the following spells:

 Spells                   Type           Power      Damage    Failure   Level
 Blink                    Tloc           14%        N/A       19%         2
 Gell's Gravitas          Tloc           7%         N/A       36%         3
 Lesser Beckoning         Tloc           7%         N/A       36%         3
 Teleport Other           Tloc           7%         N/A       36%         3
 Manifold Assault         Tloc           7%         N/A       98%         5

Inventory:

Hand Weapons
 d - a +1 whip of flaming
 Y - a +1 hand axe (weapon)
Armour
 b - a +0 leather armour (worn)
Jewellery
 g - a +6 ring of dexterity (left hand)
 j - a ring of protection from fire (right hand)
Scrolls
 h - a scroll of teleportation
Potions
 a - a potion of brilliance {unknown}
 e - a potion of resistance {unknown}
 i - a potion of degeneration {unknown}

Dungeon Overview and Level Annotations

Branches:
Dungeon (3/15)

Altars:
Dithmenos


Message History

The orc wizard casts a spell.
The orc wizard flickers and vanishes!
Deactivating autopickup; reactivate with Ctrl-A.
The orc closely misses you.
You're too confused to move!
Something hits you. The orc closely misses you.
You're too confused to move!
The orc closely misses you.
You hear some strange, mumbled words.
You are more confused.
You're too confused to move!
The orc hits you but does no damage.
You hear some strange, mumbled words.
A puff of flame appears from out of thin air!
The puff of flame hits you. You resist. The orc hits you with a +0 mace.
Something barely misses you.
You miss the orc. Your kick misses the orc. Your peck misses the orc.
You barely miss something. The orc closely misses you. Something hits you.
You miss the orc. You claw the orc, but do no damage. Your peck misses the orc.
You miss the orc. The orc closely misses you.
You bump into the rock wall.
You hit the orc but do no damage. You closely miss the orc. You miss something.
The orc hits you with a +0 club. Something barely misses you.
The orc hits you but does no damage.
You hit the orc but do no damage. You peck the orc.
The orc is lightly wounded.
You hit the orc. You hit something but do no damage.
The orc hits you but does no damage. Something hits you but does no damage.
The orc hits you with a +0 mace.
You bump into the rock wall.
The orc hits you with a +0 club. Something hits you.
The orc closely misses you.
You bump into the rock wall.
The orc barely misses you.
You hear some strange, mumbled words.
A magic dart appears from out of thin air!
The magic dart hits you!
You die...

..o.####
####...........####
....# #...........#
....# #...........#
....# #...........#
....# #...........#
#.#.#
#...........########
..#.#
#......<............
###..
#.o{........########
. ... #.o@........#
# ... #############


You could see 2 orcs.

Vanquished Creatures
  4 gnolls (D:2)
  2 adders
  4 dart slugs (D:1)
  4 orcs
  5 bats
  5 endoplasms
  A giant cockroach (D:1)
  6 goblins
  5 kobolds
  2 quokkas
  5 ball pythons
  3 frilled lizards (D:1)
  3 rats
49 creatures vanquished.

Notes
Turn   | Place    | Note
-------+----------+-------------------------------------------
     0 | D:1      | qw the Tengu Warper began the quest for the Orb.
     0 | D:1      | Reached XP level 1. HP: 12/12 MP: 4/4
     0 | D:1      | 0 ||| qw: Version: 0.1-a-89-g26bdef1
     0 | D:1      | 0 ||| qw: Game counter: 623
     0 | D:1      | 0 ||| qw: Always use a shield: true
     0 | D:1      | 0 ||| qw: God list: Okawaru
     0 | D:1      | 0 ||| qw: Allow faded altars: false
     0 | D:1      | 0 ||| qw: Do Orc after D:15 true
     0 | D:1      | 0 ||| qw: Do second Lair branch before Depths: true
     0 | D:1      | 0 ||| qw: Lair rune preference: random
     0 | D:1      | 0 ||| qw: Plans: Normal
     0 | D:1      | 0 ||| PLANNING D:1-11
   142 | D:1      | 142 ||| Stepping ~*~*~tactically~*~*~ (hiding).
   149 | D:1      | Reached XP level 2. HP: 17/17 MP: 6/6
   256 | D:1      | Reached skill level 3 in Axes
   308 | D:1      | 308 ||| Stepping ~*~*~tactically~*~*~ (hiding).
   917 | D:1      | Reached XP level 3. HP: 21/21 MP: 7/7
  1086 | D:1      | Reached skill level 4 in Axes
  1212 | D:1      | 1212 ||| READING scroll labelled WITY FOGRENTOG.
  1332 | D:1      | 1332 ||| READING 2 scrolls labelled DECKUU LAULA.
  1333 | D:1      | 1333 ||| READING scroll labelled ZUUNEP DUPO.
  1334 | D:1      | 1334 ||| READING scroll labelled ISTRAL KEOFU.
  1339 | D:1      | 1339 ||| DRINKING 2 green potions.
  1340 | D:1      | 1340 ||| DROPPING scroll of blinking.
  1341 | D:1      | 1341 ||| DROPPING potion of flight.
  1342 | D:1      | 1342 ||| DROPPING scroll of noise.
  1770 | D:2      | Reached XP level 4. HP: 26/26 MP: 8/8
  1781 | D:2      | 1781 ||| Stepping ~*~*~tactically~*~*~ (stealth).
  1782 | D:2      | 1782 ||| Stepping ~*~*~tactically~*~*~ (stealth).
  1869 | D:2      | 1869 ||| DROPPING +0 club.
  1880 | D:2      | 1880 ||| Stepping ~*~*~tactically~*~*~ (stealth).
  1882 | D:2      | 1882 ||| Stepping ~*~*~tactically~*~*~ (stealth).
  1884 | D:2      | 1884 ||| Stepping ~*~*~tactically~*~*~ (stealth).
  1891 | D:2      | Reached skill level 5 in Axes
  2060 | D:2      | 2060 ||| DROPPING +0 whip.
  2501 | D:2      | Found a shadowy altar of Dithmenos.
  2801 | D:2      | 2801 ||| READING scroll labelled YKEICL WEERA.
  2802 | D:2      | 2802 ||| READING scroll labelled ZOGAEKL QUWKYC.
  2803 | D:2      | 2803 ||| DRINKING 2 metallic blue potions.
  2909 | D:3      | 2909 ||| FLEEEEING.
  2910 | D:3      | 2910 ||| FLEEEEING.
  2915 | D:3      | 2915 ||| FLEEEEING.
  2916 | D:3      | 2916 ||| FLEEEEING.
  2917 | D:3      | 2917 ||| FLEEEEING.
  2918 | D:3      | 2918 ||| FLEEEEING.
  2919 | D:3      | 2919 ||| FLEEEEING.
  2920 | D:3      | 2920 ||| FLEEEEING.
  3018 | D:3      | 3018 ||| Stepping ~*~*~tactically~*~*~ (stealth).
  3269 | D:3      | 3269 ||| Stepping ~*~*~tactically~*~*~ (hiding).
  3273 | D:3      | 3273 ||| Stepping ~*~*~tactically~*~*~ (stealth).
  3277 | D:3      | 3277 ||| Stepping ~*~*~tactically~*~*~ (stealth).
  3279 | D:3      | Gained mutation: Your magical nature lets you fly swiftly
                  | and evasively. [Tengu growth]
  3279 | D:3      | Reached XP level 5. HP: 30/30 MP: 9/9
  3280 | D:3      | 3280 ||| DRINKING potion of curing.
  3280 | D:3      | 3280 ||| (to cure confusion)
  3289 | D:3      | 3289 ||| FLEEEEING.
  3290 | D:3      | 3290 ||| FLEEEEING.
  3291 | D:3      | 3291 ||| FLEEEEING.
  3292 | D:3      | 3292 ||| FLEEEEING.
  3293 | D:3      | 3293 ||| FLEEEEING.
  3294 | D:3      | 3294 ||| FLEEEEING.
  3295 | D:3      | 3295 ||| FLEEEEING.
  3296 | D:3      | 3296 ||| FLEEEEING.
  3297 | D:3      | 3297 ||| FLEEEEING.
  3298 | D:3      | 3298 ||| FLEEEEING.
  3299 | D:3      | 3299 ||| FLEEEEING.
  3300 | D:3      | 3300 ||| FLEEEEING.
  3301 | D:3      | 3301 ||| FLEEEEING.
  3302 | D:3      | 3302 ||| FLEEEEING.
  3305 | D:3      | 3305 ||| FLEEEEING.
  3305 | D:3      | HP: 4/30 [orc wizard/magic dart (9)]
  3306 | D:3      | 3306 ||| FLEEEEING.
  3307 | D:3      | 3307 ||| FLEEEEING.
  3308 | D:3      | 3308 ||| FLEEEEING.
  3309 | D:3      | 3309 ||| FLEEEEING.
  3310 | D:3      | 3310 ||| FLEEEEING.
  3311 | D:3      | 3311 ||| FLEEEEING.
  3319 | D:3      | 3319 ||| STAIRDANCE
  3561 | D:2      | 3561 ||| UPGRADING to +6 ring of dexterity.
  3562 | D:2      | 3562 ||| UPGRADING to ring of protection from fire.
  3563 | D:2      | 3563 ||| READING scroll labelled KECIAMEASIOHU.
  3585 | D:3      | HP: 7/30 [orc/+0 mace (2)]
  3586 | D:3      | HP: 3/30 [something (3)]
  3587 | D:3      | Killed from afar by an orc wizard

Levels and vault maps discovered:
D:1:      evilmike_arrival_crescent, layout_basic
D:2:      layout_loops_corners, basic_altar
D:3:      layout_basic

Skill      XL: |  1  2  3  4 |
---------------+-------------+-----
Axes           | 3 4 5 |  5.5
Fighting       | |  2.0
Throwing       | |  1.0
Armour         | |  1.1
Dodging        | |  2.1
Spellcasting   | |  2.0
Translocations | |  2.4

Action                   |  1- 3 |  4- 6 || total
-------------------------+-------+-------++-------
Melee: Hand axe          |    67 |    60 ||   127
       Kick              |    12 |    16 ||    28
       Peck              |    11 |    12 ||    23
Throw: Boomerang         |     7 |       ||     7
  Use: Scroll            |     4 |     3 ||     7
       Potion            |     1 |     2 ||     3
Armor: Leather armour    |    17 |    13 ||    30
Dodge: Dodged            |    29 |    31 ||    60

Table legend:
 A = Non-vault XP
 B = Vault XP
 C = Vault XP percentage of total XP
 D = Non-vault monster count
 E = Vault monster count
 F = Vault count percentage of total count
                 A         B        C        D         E       F
            +---------+---------+-------+---------+---------+-------
      Total |     167 |       0 |   0.0 |      49 |       0 |   0.0
            +---------+---------+-------+---------+---------+-------
        D:1 |      45 |       0 |   0.0 |      22 |       0 |   0.0
        D:2 |      91 |       0 |   0.0 |      18 |       0 |   0.0
        D:3 |      31 |       0 |   0.0 |       9 |       0 |   0.0
            +---------+---------+-------+---------+---------+-------
